 Dungeon Crawl Stone Soup version 0.28.0-53-g5a82cb258f (webtiles) character file.

Game seed: 12796357582040369138

91 Descartes the Cudgeller (level 4, -16/44 HPs)
             Began as a Troll Chaos Knight on July 22, 2022.
             Was a Plaything of Xom.
             Demolished by Jessica the yaktaur (shapeshifter)
             ... wielding a +3 dagger of venom
              (17 damage)
             ... on level 2 of the Dungeon.
             The game lasted 00:04:46 (1472 turns).

Descartes the Cudgeller (Troll Chaos Knight)        Turns: 1472, Time: 00:04:47

Health: -16/44     AC:  4    Str: 20    XL:     4   Next: 33%
Magic:  0/3        EV: 10    Int:  7    God:    Xom [*.....]
Gold:   114        SH:  0    Dex:  9    Spells: 1/3 levels left

rFire   . . .      SeeInvis .   a - +0 mace (chaos)
rCold   + . .      Faith    .   (no shield)
rNeg    . . .      Spirit   +   q - +0 robe "Nekuuj" {Rampage rPois rC+ Int-3}
rPois   +          Reflect  .   (helmet restricted)
rElec   .          Harm     .   (no cloak)
rCorr   .          Rampage  +   (gloves unavailable)
Will    .....                   (boots unavailable)
Stlth   +.........              l - amulet of guardian spirit
HPRegen 0.94/turn               (no ring)
MPRegen 0.08/turn               (no ring)

@: lethally poisoned (-16 -> -20)
A: large, unfitting armour, claws 3, regeneration 1, shaggy fur 1, tough skin 1
a: Renounce Religion


You were on level 2 of the Dungeon.
You worshipped Xom.
You were a special plaything of Xom.
You visited 1 branch of the dungeon, and saw 3 of its levels.

You collected 114 gold pieces.

Inventory:

Hand Weapons
 a - a +0 mace of chaos (weapon)
Missiles
 c - 31 arrows
 f - 82 stones (quivered)
 k - 2 poisoned darts
 o - 18 sling bullets
Armour
 b - a +2 robe
 q - the +0 robe "Nekuuj" (worn) {Rampage rPois rC+ Int-3}
   (You found it on level 2 of the Dungeon)

   Int:       It affects your intelligence (-3).
   rC:        It protects you from cold.
   rPois:     It protects you from poison.
   Rampage:   It bestows one free step when moving towards enemies.
Jewellery
 j - a ring of fire
 l - an amulet of guardian spirit (around neck)
Wands
 p - a wand of digging (1)
Scrolls
 d - a scroll of noise {unknown}
 e - a scroll of amnesia {unknown}
 h - a scroll of enchant weapon {unknown}
 m - 2 scrolls of identify {unknown}
Potions
 g - 2 potions of heal wounds {unknown}
 i - 2 potions of flight {unknown}
 n - a potion of resistance {unknown}


   Skills:
 + Level 2.9 Fighting
 * Level 3.3 Maces & Flails
 + Level 2.4 Dodging
 + Level 0.2 Spellcasting
 + Level 0.7 Translocations
 + Level 0.7 Transmutations
 + Level 0.4 Earth Magic


You had one spell level left.
You knew the following spells:

 Your Spells              Type           Power      Damage    Failure   Level
a - Passwall              Tmut/Erth      0%         N/A       50%         2

Your spell library contained the following spells:

 Spells                   Type           Power      Damage    Failure   Level
 Sandblast                Erth           0%         2d4       36%         1
 Sting                    Tmut/Pois      0%         1d3       38%         1
 Shock                    Conj/Air       0%         1d3       43%         1
 Summon Small Mammal      Summ           0%         N/A       43%         1
 Poisonous Vapours        Pois/Air       0%         N/A       56%         2
 Portal Projectile        Hex/Tloc       0%         N/A       75%         3
 Stone Arrow              Conj/Erth      0%         3d7       77%         3
 Call Canine Familiar     Summ           0%         N/A       80%         3
 Summon Guardian Golem    Hex/Summ       0%         N/A       80%         3
 Swiftness                Air            0%         N/A       80%         3
 Airstrike                Air            0%         N/A       99%         4
 Olgreb's Toxic Radiance  Pois           0%         N/A       99%         4
 Blade Hands              Tmut           0%         N/A       100%        5
 Excruciating Wounds      Necr           0%         N/A       100%        5


Dungeon Overview and Level Annotations

Branches:
Dungeon (3/15)

Altars:

Annotations:
D:2 Jessica


Innate Abilities, Weirdness & Mutations

You are too large for most types of armour.
You have claws for hands.
Your natural rate of healing is unusually fast.
You are covered in fur. (AC +1)
You have tough skin. (AC +1)


Message History

No target in view!
No target in view!
No target in view!
No target in view!
No target in view!
No target in view!
No target in view!
You see here a giant cockroach corpse.
Jessica the Apprentice Sorceress comes into view.
It is wielding a +3 dagger of venom and carrying a wand of digging (3).
Jessica zaps a wand.
You hear a grinding noise.
You see here 18 stones.
You rampage towards Jessica!
You hit Jessica.
Jessica resists with almost no effort.
Jessica is lightly wounded.
Jessica closely misses you.
Jessica hits you with a +3 dagger of venom!
You hit Jessica. You burn Jessica.
Jessica is moderately wounded.
Jessica hits you with a +3 dagger of venom.
You are poisoned.
You thump Jessica!
Jessica flickers and vanishes!
Deactivating autopickup; reactivate with Ctrl-A.
You feel very sick. Something hits you!
You are more poisoned.
You hit something but do no damage.
Xom thinks this is hilarious!
Nothing appears to happen.
You feel extremely sick. Something hits you!
* * * LOW HITPOINT WARNING * * *
* * * LOW HITPOINT WARNING * * *
You feel very sick.
* * * LOW HITPOINT WARNING * * *
You feel very sick.
* * * LOW HITPOINT WARNING * * *
You feel sick. Something hits you!!
You die...
Xom snickers!

#######################
#..>...................
#.#.###################
# #.##....##
#.##..=..## #######
#.##....#.#####......
#.?.@...(............
###########.###......
.##...... .#......
.###### #... #...
###... #.'...


There were no monsters in sight!

Vanquished Creatures
  A killer bee (D:3)
  A worm (D:2)
  2 dart slugs
  2 bats (D:1)
  2 endoplasms (D:1)
  3 giant cockroaches
  4 hobgoblins
  A quokka (D:1)
  5 ball pythons
  2 frilled lizards
  4 goblins
  7 kobolds (D:1)
  6 rats
40 creatures vanquished.

Notes
Turn   | Place    | Note
-------+----------+-------------------------------------------
     0 | D:1      | Descartes the Troll Chaos Knight began the quest for the
                  | Orb.
     0 | D:1      | Reached XP level 1. HP: 22/22 MP: 0/0
    19 | D:1      | XOM: divination: detect creatures
   146 | D:1      | Reached XP level 2. HP: 29/29 MP: 1/1
   199 | D:1      | XOM: silly message
   275 | D:1      | XOM: silly message
   478 | D:1      | Reached skill level 3 in Maces & Flails
   536 | D:1      | XOM: silly message
   551 | D:1      | Reached XP level 3. HP: 36/36 MP: 2/2
   554 | D:1      | Learned a level 2 spell: Passwall
   560 | D:1      | XOM: silly message
   590 | D:1      | XOM: divination: detect items
  1116 | D:2      | Noticed Jessica
  1118 | D:2      | Noticed Jessica
  1118 | D:2      | Jessica changed into Jessica the shapeshifter
  1118 | D:2      | Noticed Jessica
  1118 | D:2      | Jessica the shapeshifter changed into Jessica the wind
                  | drake
  1119 | D:2      | XOM: fog
  1253 | D:3      | Noticed Terence
  1253 | D:3      | Noticed Terence
  1253 | D:3      | Terence changed into Terence the killer bee
  1253 | D:3      | XOM: polymorph Terence -> Terence the killer bee
  1256 | D:3      | Killed Terence the killer bee
  1257 | D:3      | Reached XP level 4. HP: 44/44 MP: 3/3
  1274 | D:2      | Identified the +0 robe "Nekuuj" {Rampage rPois rC+ Int-3}
  1464 | D:2      | Noticed Jessica
  1471 | D:2      | HP: 2/44 [poisoned by Jessica]
  1472 | D:2      | Demolished by Jessica the yaktaur (shapeshifter)

Illustrated notes

Levels and vault maps discovered:
D:1:      beargit_arrival_diablo_church, layout_loops_ring, corner_web_ring,
          minivault_5
D:2:      layout_basic, hangedman_feature_mirror, uniq_jessica
D:3:      layout_rooms, yredelemnul_forgotten_temple_becter, uniq_terence

Skill      XL: |  1  2 |
---------------+-------+-----
Dodging        | 2 |  2.4
Maces & Flails | 3 |  3.3
Fighting       | |  2.9
Spellcasting   | |  0.2
Translocations | |  0.7
Transmutations | |  0.7
Earth Magic    | |  0.4

Action                   |  1- 3 |  4- 6 || total
-------------------------+-------+-------++-------
Melee: Mace              |   115 |    12 ||   127
       Punch             |     2 |       ||     2
 Stab: Petrified         |     2 |       ||     2
       Paralysed         |     1 |       ||     1
       Sleeping          |     1 |       ||     1
Armor: Robe              |    76 |     3 ||    79
Dodge: Dodged            |    64 |     7 ||    71
